 Dungeon Crawl Stone Soup version 0.30.1-11-g7821555f0a (webtiles) character file.

Game seed: 13966111141258398310

83234 H0rd4k the Skirmisher (level 16, -5/125 HPs)
             Began as a Human Artificer on Nov 13, 2023.
             Was an Initiate of Gozag.
             Slain by aleksiErkki's ghost (20 damage)
             ... on level 9 of the Dungeon on Nov 14, 2023.
             The game lasted 01:00:00 (27220 turns).

H0rd4k the Skirmisher (Human Artificer)            Turns: 27220, Time: 01:00:02

Health: -5/125     AC: 23    Str: 13    XL:     16   Next: 23%
Magic:  32/32      EV: 10    Int: 26    God:    Gozag
Gold:   3410       SH:  0    Dex: 24    Spells: 28/39 levels left

rFire   . . .        q - +11 shortbow of the Hummingbird {drain, Dex+3}
rCold   . . .        (shield currently unavailable)
rNeg    . . .        S - +7 chain mail of Realiam {Dex+4}
rPois   .            Q - +2 hood of the Assassin {Detect Stab+ Stlth++}
rElec   .            d - scarf {repulsion}
rCorr   .            u - +2 pair of gloves
SInv    .            (no boots)
Will    +....        (no amulet)
Stlth   +++          G - +6 ring of intelligence
HPRegen 0.40/turn    M - +6 ring of intelligence
MPRegen 0.23/turn

%: repel missiles
@: no status effects
A: dopey 1
a: Renounce Religion, Potion Petition, Call Merchant, Bribe Branch


You were on level 9 of the Dungeon.
You worshipped Gozag.
Gozag was most pleased with you.
You visited 4 branches of the dungeon, and saw 20 of its levels.

You collected 7582 gold pieces.
You spent 1918 gold pieces at shops.
You paid 2254 gold pieces to Gozag.

Inventory:

Hand Weapons
 b - the +8 great mace "Ezxoshroa" {freeze, Int+3}
   (You took it off an ettin on level 12 of the Dungeon)

   Int:       It affects your intelligence (+3).
 q - the +11 shortbow of the Hummingbird (weapon) {drain, Dex+3}
   (You bought it in a shop on level 3 of the Dungeon)

   Dex:       It affects your dexterity (+3).
 T - the +8 whip "Snakebite" {venom, curare, rPois}
   (You found it on level 4 of the Lair of Beasts)

   rPois:     It protects you from poison.
Missiles
 s - 65 poisoned darts
 H - 6 curare-tipped darts
Armour
 d - a scarf of repulsion (worn)
 u - a +2 pair of gloves (worn)
 A - an orb of light
 Q - the +2 hood of the Assassin (worn) {Detect Stab+ Stlth++}
   (You bought it in a shop on level 11 of the Dungeon)

   Detect:    It allows the wearer to sense nearby creatures.
   Stab+:     It allows the wearer to make particularly effective stabbing
   attacks against helpless or unaware enemies with any weapon.
   Stlth:     It makes you much more stealthy.
 S - the +7 chain mail of Realiam (worn) {Dex+4}
   (You found it on level 4 of the Lair of Beasts)

   Dex:       It affects your dexterity (+4).
Jewellery
 a - a ring of protection from cold
 h - a +4 ring of protection
 k - a +4 ring of protection
 m - a ring of poison resistance
 v - a ring of magical power
 G - a +6 ring of intelligence (left hand)
 M - a +6 ring of intelligence (right hand)
Wands
 g - a wand of flame (26)
 x - a wand of polymorph (6)
 R - a wand of paralysis (11)
 V - a wand of light (1)
Scrolls
 y - 9 scrolls of teleportation
 B - 5 scrolls of butterflies
 C - a scroll of poison
 D - a scroll of enchant armour
 I - 2 scrolls of silence
 K - 3 scrolls of enchant weapon
 L - 2 scrolls of amnesia
 N - 2 scrolls of fog
 O - 3 scrolls of magic mapping
 U - 2 scrolls of identify
 W - a scroll of fear
Potions
 c - a potion of resistance
 e - a potion of might
 f - 5 potions of attraction
 i - 8 potions of brilliance
 j - 4 potions of ambrosia
 l - 3 potions of flight
 n - a potion of magic
 o - a potion of invisibility
 p - a potion of lignification
 r - a potion of curing
 z - a potion of haste
 J - a potion of berserk rage
 Y - a potion of cancellation
Miscellaneous
 X - a tin of tremorstones (2/2)
 Z - a piece from Xom's chessboard (15/15)


   Skills:
 - Level 11.1 Fighting
 * Level 7.1 Maces & Flails
 - Level 12.8 Ranged Weapons
 + Level 0.3 Throwing
 - Level 8.3 Armour
 - Level 5.0 Dodging
 + Level 6.7 Stealth
 * Level 12.0 Spellcasting
 + Level 6.5 Hexes
 - Level 4.3 Translocations
 - Level 7.0 Fire Magic
 * Level 4.5 Air Magic
 - Level 5.4 Evocations


You had 28 spell levels left.
You knew the following spells:

 Your Spells              Type           Power      Damage    Failure   Level
a - Blink                 Tloc           76%        N/A       12%         2
b - Inner Flame           Hex/Fire       50%        N/A       9%          3
c - Volatile Blastmotes   Fire/Tloc      90%        2d17      14%         3
d - Swiftness             Air            39%        N/A       22%         3

Your spell library contained the following spells:

 Spells                   Type           Power      Damage    Failure   Level
 Foxfire                  Conj/Fire      100%       2x1d9     12%         1
 Lesser Beckoning         Tloc           76%        N/A       12%         2
 Ensorcelled Hibernation  Hex/Ice        64%        N/A       19%         2
 Momentum Strike          Conj/Tloc      54%        3d9       30%         2
 Cigotuvi's Dreadful Rot  Necr/Pois/Air  46%        N/A       36%         2
 Dazzling Flash           Conj/Hex       64%        N/A       36%         3
 Magic Dart               Conj           60%        1d6       43%         1
 Ignite Poison            Fire/Tmut/Pois 27%        N/A       50%         3
 Call Imp                 Summ           30%        N/A       58%         2
 Passwall                 Tmut/Erth      12%        N/A       58%         2
 Mephitic Cloud           Conj/Pois/Air  23%        N/A       61%         3
 Manifold Assault         Tloc           38%        N/A       63%         4
 Flame Wave               Conj/Fire      33%        2d10      75%         4
 Sticky Flame             Conj/Fire      33%        2d5       75%         4
 Iskenderun's Mystic Bla  Conj/Tloc      27%        2d7       89%         4
 Fireball                 Conj/Fire      16%        3d8       97%         5
 Dispel Undead            Necr           15%        3d10      99%         4
 Death Channel            Necr           7%         N/A       100%        6
 Plasma Beam              Fire/Air       22%        2x1d38    100%        6
 Starburst                Conj/Fire      16%        6d6       100%        6
 Storm Form               Tmut/Air       13%        N/A       100%        7
 Ignition                 Fire           25%        3d9       100%        8


Dungeon Overview and Level Annotations

Branches:
Dungeon (12/15)            Temple (1/1) D:6            Lair (5/5) D:11
  Swamp (0/4) Lair:3        Snake (0/4) Lair:2        Slime (0/5) Lair:5
    Orc (2/2) D:12            Elf (0/3) Orc:2

Altars:
Cheibriados
Dithmenos
Elyvilon
Gozag
Hepliaklqana
Kikubaaqudgha
Nemelex Xobeh
Okawaru
Trog
Wu Jian
Xom
Yredelemnul
The Shining One
Jiyva

Shops:
D:3 (   D:7 ?   D:11 [*   Orc:2 [?![

Annotations:
D:4 exclusion: downstairs
D:6 exclusion: 2 downstairs
D:7 exclusion: downstairs
D:9 aleksiErkki's ghost, novice TrCK
Lair:1 3 runed translucent doors, exclusion: 3 doors, Tali's ghost, journeyman DsCK
Lair:2 exclusion: 2 downstairs
Lair:4 exclusion: 2 downstairs
Lair:5 2 runed translucent doors, exclusion: 2 doors
Orc:1 exclusion: downstairs


Innate Abilities, Weirdness & Mutations

You are dopey. (Int -2)


Message History

The arrow hits aleksiErkki's ghost but does no damage.
AleksiErkki's ghost is severely damaged.
AleksiErkki's ghost hits you but does no damage.
The spriggan hits you but does no damage.
AleksiErkki's ghost hits you.
Fire: q) +11 shortbow of the Hummingbird {drain, Dex+3}
Press: ? - help, Q - select action, (/) - cycle Shift-Dir - straight line, f/p - aleksiErkki's ghost
Aim: aleksiErkki's ghost (severely damaged, 75% to hit)
You shoot an arrow. The arrow hits aleksiErkki's ghost!
AleksiErkki's ghost is almost destroyed.
The spriggan hits you from afar with the +6 spear of Chance {flame, rF+ rC+ Stlth+}!
* * * LOW HITPOINT WARNING * * *
The spriggan burns you.
* * * LOW HITPOINT WARNING * * *
AleksiErkki's ghost hits you!!
* * * LOW HITPOINT WARNING * * *
Okay, then.
You feel much better.
The spriggan hits you but does no damage.
AleksiErkki's ghost closely misses you.
Fire: q) +11 shortbow of the Hummingbird {drain, Dex+3}
Press: ? - help, Q - select action, (/) - cycle Shift-Dir - straight line, f/p - aleksiErkki's ghost
Aim: aleksiErkki's ghost (almost destroyed, 75% to hit)
You shoot an arrow.
The arrow closely misses aleksiErkki's ghost.
The arrow completely misses the spriggan.
The spriggan closely misses you. AleksiErkki's ghost hits you!
* * * LOW HITPOINT WARNING * * *
Fire: q) +11 shortbow of the Hummingbird {drain, Dex+3}
Press: ? - help, Q - select action, (/) - cycle Shift-Dir - straight line, f/p - aleksiErkki's ghost
Aim: aleksiErkki's ghost (almost destroyed, 75% to hit)
You shoot an arrow. The arrow hits aleksiErkki's ghost!
AleksiErkki's ghost is almost destroyed.
The spriggan hits you from afar with the +6 spear of Chance {flame, rF+ rC+ Stlth+}.
* * * LOW HITPOINT WARNING * * *
The spriggan burns you.
* * * LOW HITPOINT WARNING * * *
AleksiErkki's ghost hits you!!
You die...
Your body crumbles into a pile of gold.

♣♣...♣♣♣.♣♣#..#########..
♣.......♣$♣#'###.[...##..
♣.###'###.♣#..##.....##..
##8...8####.............
#........#.......#######
###......#.......#.....#
#....i.#.......#.....#
##.##W##...##..#.._..'
#######@##...##..#.....#
#.....#...^..###.#.....#
#.....#.......##.#######
#.....'.......##........
##.####.##'#######.##...
######+##...## #......
#..........# ####...
#..........# #...
#..........# #..>


You could see a spriggan (drained) and aleksiErkki's ghost.

Vanquished Creatures
  Nessos (Orc:2)
  An ettin (D:12)
  Josephine (Orc:1)
  2 ogre magi (Orc:2)
  7 hydras
  Erolcha (D:10)
  The ghost of Fildev the Summoner, a journeyman DESu of Qazlal (D:12)
  16 two-headed ogres
  3 death yaks (Lair:4)
  A catoblepas (Lair:4)
  2 boulder beetles
  3 skysharks
  2 deep trolls
  The ghost of billyroblox the Cleaver, a novice MiBe of Trog (D:5)
  A lindwurm (Lair:5)
  2 orc sorcerers
  An orc knight (Orc:1)
  An ugly thing (D:8)
  A manticore (D:12)
  4 cyclopes
  Maurice (D:8)
  18 black mambas
  3 torpor snails
  13 cane toads
  20 elephants
  2 molten gargoyles (Lair:5)
  2 gargoyles (D:12)
  An unseen horror (D:12)
  14 komodo dragons
  3 rime drakes
  6 polar bears
  11 trolls
  A queen bee (Lair:2)
  Grinder (D:3)
  4 dream sheep (Lair:5)
  8 blink frogs
  Sigmund (D:5)
  A slime creature (D:8)
  2 shadows
  4 wraiths
  A spriggan (D:9)
  A vampire (D:11)
  12 wyverns
  60 yaks
  7 basilisks
  2 steam dragons (Lair:5)
  A warg (Orc:1)
  An acid dragon (D:9)
  29 water moccasins
  4 hell hounds (Lair:5)
  An ice beast (D:7)
  17 orc warriors
  3 sky beasts
  13 wolves
  25 ogres
  4 centaurs
  2 phantoms (D:6)
  4 kobold brigands
  2 scorpions
  3 bullfrogs (Lair:3)
  3 wights
  19 killer bees
  An electric eel (Lair:4)
  A howler monkey (D:7)
  4 lava snakes (Lair:5)
  7 jellies
  A gnoll bouda (D:7)
  5 orc priests
  Crazy Yiuf (D:3)
  4 hounds
  Jessica (D:3)
  8 iguanas
  Ijyb (D:5)
  13 orc wizards
  8 adders
  7 gnolls
  2 white imps
  4 worms
  56 orcs
  7 ball pythons
  17 endoplasms
  3 giant cockroaches
  11 goblins
  16 hobgoblins
  3 jackals (D:3)
  27 kobolds
  2 quokkas
  14 bats
  A frilled lizard (D:1)
  6 rats
613 creatures vanquished.

Vanquished Creatures (collateral kills)
  A scorpion (D:5)
  An iguana (D:7)
  3 orcs (D:7)
5 creatures vanquished.

Vanquished Creatures (others)
  A sky beast (D:7)
  A centaur (D:5)
  2 wights (D:7)
4 creatures vanquished.

Grand Total: 622 creatures vanquished

Notes
Turn   | Place    | Note
-------+----------+-------------------------------------------
     0 | D:1      | H0rd4k the Human Artificer began the quest for the Orb.
     0 | D:1      | Reached XP level 1. HP: 15/15 MP: 1/1
   152 | D:1      | Reached XP level 2. HP: 21/21 MP: 2/2
   216 | D:1      | Reached skill level 1 in Ranged Weapons
   372 | D:1      | Reached XP level 3. HP: 18/26 MP: 3/3
   998 | D:2      | Reached XP level 4. HP: 31/32 MP: 4/4
  1694 | D:3      | Noticed Grinder
  1699 | D:3      | Killed Grinder
  1700 | D:3      | Reached skill level 5 in Ranged Weapons
  1700 | D:3      | Reached XP level 5. HP: 38/38 MP: 5/5
  1700 | D:3      | Reached XP level 6. HP: 44/44 MP: 6/6
  1705 | D:3      | Found Xyrphyo's Weapon Shop.
  1906 | D:3      | Found a runed translucent door.
  1907 | D:3      | Noticed Crazy Yiuf
  1934 | D:3      | Noticed Jessica
  1936 | D:3      | Killed Jessica
  1971 | D:3      | Found an iron altar of Okawaru.
  2391 | D:4      | Reached XP level 7. HP: 50/50 MP: 7/7
  2589 | D:4      | Found a white marble altar of Elyvilon.
  3169 | D:5      | Entered Level 5 of the Dungeon
  3257 | D:5      | Noticed billyroblox's ghost (novice MiBe)
  3266 | D:5      | Noticed Sigmund
  3466 | D:5      | Found a transporter.
  3470 | D:5      | Found a transporter.
  3473 | D:5      | Noticed a water moccasin
  3488 | D:5      | Killed a water moccasin
  3489 | D:5      | Reached XP level 8. HP: 13/58 MP: 8/8
  3663 | D:5      | Found a snail-covered altar of Cheibriados.
  3724 | D:5      | Gained mutation: You are dopey. (Int -2) [potion of
                  | mutation]
  3754 | D:5      | Noticed Ijyb
  3935 | D:5      | Killed Ijyb
  4286 | D:6      | Found a staircase to the Ecumenical Temple.
  4328 | Temple   | Entered the Ecumenical Temple
  4336 | Temple   | Became a worshipper of Gozag Ym Sagoz the Greedy
  4672 | D:6      | Reached XP level 9. HP: 28/65 MP: 9/9
  6196 | D:7      | Reached skill level 10 in Ranged Weapons
  6825 | D:7      | Found Voffycwo's Magic Scroll Shop.
  6910 | D:7      | Found a bloodstained altar of Trog.
  7320 | D:8      | Noticed a brown ugly thing
  7406 | D:8      | Reached skill level 5 in Fighting
  7655 | D:8      | Reached XP level 10. HP: 67/74 MP: 10/10
  8177 | D:8      | Noticed Maurice
  8199 | D:8      | Killed Maurice
  8969 | D:3      | Bought the +11 shortbow of the Hummingbird {drain, Dex+3}
                  | for 958 gold pieces
  9427 | D:8      | Killed a brown ugly thing
  9647 | D:9      | Noticed a two-headed ogre
  9650 | D:9      | Killed a two-headed ogre
  9651 | D:9      | Reached XP level 11. HP: 84/84 MP: 11/11
  9762 | D:9      | Found a basalt altar of Yredelemnul.
  9835 | D:9      | Found a runed translucent door.
  9838 | D:9      | Noticed aleksiErkki's ghost (novice TrCK)
  9839 | D:9      | Identified the +6 spear of Chance {flame, rF+ rC+ Stlth+}
 10075 | D:10     | Entered Level 10 of the Dungeon
 10093 | D:10     | Noticed Erolcha
 10100 | D:10     | Killed Erolcha
 10101 | D:10     | Reached skill level 5 in Evocations
 10480 | D:10     | Found an ancient bone altar of Kikubaaqudgha.
 10484 | D:10     | Found an ornate altar of the Wu Jian Council.
 10489 | D:10     | Found a shimmering altar of Xom.
 10616 | D:10     | Noticed a boulder beetle
 10624 | D:10     | Killed a boulder beetle
 10659 | D:10     | Identified the +3 scale mail of the Iron City of Dis
                  | {Int+5}
 10821 | D:10     | Learned a level 2 spell: Blink
 10947 | D:11     | Noticed a boulder beetle
 10967 | D:11     | Killed a boulder beetle
 10968 | D:11     | Reached skill level 1 in Translocations
 11290 | D:11     | Noticed a cyclops
 11294 | D:11     | Killed a cyclops
 11295 | D:11     | Reached XP level 12. HP: 66/97 MP: 19/19
 11441 | D:11     | Reached skill level 5 in Spellcasting
 11464 | D:11     | Reached skill level 10 in Fighting
 11527 | D:11     | Found a staircase to the Lair.
 11950 | Lair:1   | Entered Level 1 of the Lair of Beasts
 12110 | Lair:1   | Learned a level 3 spell: Inner Flame
 12288 | Lair:1   | Reached skill level 1 in Fire Magic
 12467 | Lair:1   | Found a runed translucent gate.
 12467 | Lair:1   | Found a runed translucent gate.
 12467 | Lair:1   | Found a runed translucent gate.
 12469 | Lair:1   | Noticed a minotaur
 12471 | Lair:1   | Noticed Tali's ghost (journeyman DsCK)
 12537 | Lair:1   | Reached skill level 5 in Dodging
 13495 | Lair:2   | Noticed a five-headed hydra
 13501 | Lair:2   | Killed a five-headed hydra
 13574 | Lair:2   | Found a staircase to the Snake Pit.
 13586 | Lair:2   | Reached XP level 13. HP: 100/106 MP: 23/23
 14067 | Lair:2   | Reached skill level 5 in Armour
 14407 | Lair:2   | Reached skill level 1 in Hexes
 15024 | Lair:2   | Learned a level 3 spell: Volatile Blastmotes
 15767 | Lair:3   | HP: 4/106 [skyshark (4)]
 15772 | Lair:3   | HP: 5/106 [skyshark (1)]
 15774 | Lair:3   | Reached skill level 5 in Fire Magic
 16325 | Lair:3   | Noticed a five-headed hydra
 16333 | Lair:3   | Killed a five-headed hydra
 16510 | Lair:3   | Found a staircase to the Swamp.
 17085 | D:11     | Bought the +2 hood of the Assassin {Detect Stab+ Stlth++}
                  | for 780 gold pieces
 17085 | D:11     | Found the +2 hood of the Assassin {Detect Stab+ Stlth++}
 17338 | Lair:4   | Noticed a seven-headed hydra
 17343 | Lair:4   | Killed a seven-headed hydra
 17359 | Lair:4   | Identified the +7 chain mail of Realiam {Dex+4}
 17448 | Lair:4   | Reached XP level 14. HP: 113/113 MP: 26/26
 18359 | Lair:4   | Found the +8 whip "Snakebite" {venom, curare, rPois}
 18467 | Lair:5   | Entered Level 5 of the Lair of Beasts
 18539 | Lair:5   | Reached skill level 1 in Maces & Flails
 19180 | Lair:5   | Reached skill level 5 in Hexes
 19671 | Lair:5   | HP: 4/113 [poisoned by a cane toad]
 19715 | Lair:5   | Reached skill level 10 in Spellcasting
 19827 | Lair:5   | Reached XP level 15. HP: 78/118 MP: 29/29
 20116 | Lair:5   | Found a viscous altar of Jiyva.
 20131 | Lair:5   | Found a staircase to the Slime Pits.
 20336 | Lair:5   | Reached skill level 5 in Stealth
 21011 | Lair:5   | Found a large runed translucent door.
 21012 | Lair:5   | Found a large runed translucent door.
 21079 | Lair:5   | Reached skill level 5 in Maces & Flails
 21675 | D:12     | Learned a level 3 spell: Swiftness
 21932 | D:12     | Found a transporter.
 21933 | D:12     | Noticed Fildev's ghost (journeyman DESu)
 21935 | D:12     | Identified the +8 great mace "Ezxoshroa" {freeze, Int+3}
 21939 | D:12     | Found a transporter.
 22059 | D:12     | Reached skill level 1 in Air Magic
 22233 | D:12     | Found a staircase to the Orcish Mines.
 22393 | Orc:1    | Entered Level 1 of the Orcish Mines
 22545 | Orc:1    | Noticed Josephine
 22555 | Orc:1    | Killed Josephine
 23318 | Orc:2    | Entered Level 2 of the Orcish Mines
 23626 | Orc:2    | Found Zoiq's Armour Shop.
 23633 | Orc:2    | Found Ixosch's Distillery.
 24462 | Orc:2    | Found Kaecawn's Armour Emporium.
 24481 | Orc:2    | Found Tupys's Magic Scroll Shoppe.
 24485 | Orc:2    | Bought a scarf of repulsion for 180 gold pieces
 24550 | Orc:2    | Reached XP level 16. HP: 125/125 MP: 31/31
 24632 | Orc:2    | Paralysed by an ogre mage for 3 turns
 24687 | Orc:2    | Found a staircase to the Elven Halls.
 24772 | Orc:2    | Noticed Nessos
 24782 | Orc:2    | Killed Nessos
 26444 | D:12     | Identified the staff of earth "Zuasyito" {rN+ Stlth+}
 26470 | D:12     | Killed Fildev's ghost
 26783 | D:3      | Killed Crazy Yiuf
 26872 | D:5      | Killed billyroblox's ghost
 27047 | D:5      | Killed Sigmund
 27220 | D:9      | Slain by aleksiErkki's ghost

Illustrated notes

Levels and vault maps discovered:
D:1:      sevenhm_arrival_forest_fort_small_3, layout_basic, minmay_hedge_maze,
          serial_bayou_ford_a
D:2:      layout_loops_ring, serial_bayou_lagoon_b
D:3:      layout_basic, kennysheep_okawaru_gauntlet, serial_shops, shop,
          amcnicky_mini_pool_small, uniq_crazy_yiuf_cottage, uniq_grinder,
          uniq_jessica
D:4:      cheibrodos_fertilizer, layout_basic, old_standard_altar
D:5:      layout_cave_pools, cheibriados_altar_1, gammafunk_ghost_arena,
          minmay_misc_feat_cross, amcnicky_mini_rare_corridor_liquid, uniq_ijyb,
          uniq_sigmund
D:6:      layout_rooms, minmay_temple_entry_glassed_door
D:7:      layout_basic, trog_hazing_becter, serial_shops, shop
D:8:      minmay_distorted_concentric_squares, layout_cave_pods, uniq_maurice
D:9:      layout_gridville, amcnicky_altar_gilded, ebering_ghost_funeral_grove,
          kennysheep_generic_room_13
D:10:     layout_irregular_city, grunt_temple_overflow_diamond, uniq_erolcha
D:11:     layout_loops_ring, minmay_lair_entry_grove, gauntlet_entry_generic
D:12:     layout_roguey, david_orc_4, gammafunk_ghost_smash
Temple:   nicolae_temple_ecumenical_triangle
Lair:1:   layout_regular_city, maelrawn_ghost_gauntlet_escape,
          small_statue_intersection, grunt_megastairs_3
Lair:2:   layout_hall_layers, minmay_snake_entry_six_corridors, special_room
          [special_room_bee], lemuel_fruit_fields
Lair:3:   layout_layer_cave, minmay_swamp_entry_reptiles
Lair:4:   minmay_guarded_unrand_snakebite, layout_concentric_octagons,
          grunt_megastairs_2, infiniplex_staircase_pool, serial_bayou_shore_a
Lair:5:   cheibrodos_lair_end_hotspot, layout_loops_ring,
          nicolae_slime_entry_field_trip, chequers_serial_rivers_room_b,
          st_stairs_12
Orc:1:    layout_diamond_mine, nicolae_volcano_entry_lava_flow, basic_altar,
          roderic_batcave, uniq_josephine
Orc:2:    st_orc_open, layout_caves, hellmonk_bongcloud_opening, uniq_nessos

Skill      XL: |  1  2  3  4  5  6  7  8  9 10 11 12 13 14 15 16 |
---------------+-------------------------------------------------+-----
Ranged Weapons | 1 2 5 7 8 10 12 | 12.8
Fighting       | 2 3 4 5 7 9 11 | 11.1
Dodging        | 2 3 4 5 |  5.0
Evocations     | 4 5 |  5.4
Spellcasting   | 4 6 8 10 11 12 | 12.0
Translocations | 1 2 3 4 |  4.3
Fire Magic     | 3 5 6 7 |  7.0
Armour         | 3 8 |  8.3
Hexes          | 2 5 6 |  6.5
Stealth        | 4 6 |  6.7
Maces & Flails | 4 6 7 |  7.1
Air Magic      | 3 4 |  4.5
Throwing       | |  0.3

Action                     |  1- 3 |  4- 6 |  7- 9 | 10-12 | 13-15 | 16-18 || total
---------------------------+-------+-------+-------+-------+-------+-------++-------
  Melee: Club              |     4 |       |       |       |       |       ||     4
         Whip              |       |       |     1 |       |       |       ||     1
   Fire: Sling             |    94 |   108 |   488 |   129 |       |       ||   819
         Shortbow          |       |       |       |   351 |  1173 |   117 ||  1641
  Throw: Dart              |       |       |       |     1 |       |       ||     1
   Cast: Inner Flame       |       |       |       |       |    13 |       ||    13
         Volatile Blastmot |       |       |       |       |     4 |       ||     4
         Blink             |       |       |       |       |     1 |       ||     1
 Invoke: Call Merchant     |       |       |       |       |     2 |       ||     2
         Potion Petition   |       |       |       |       |     2 |       ||     2
  Evoke: Wand              |       |     5 |    40 |    24 |       |     5 ||    74
    Use: Potion            |       |       |     8 |     4 |     2 |     1 ||    15
         Scroll            |       |       |    13 |    11 |    11 |       ||    35
 Armour: Leather armour    |     9 |    21 |    50 |    30 |       |       ||   110
         Scale mail        |       |       |       |    47 |   297 |    26 ||   370
         Chain mail        |       |       |       |       |       |    19 ||    19
  Dodge: Dodged            |    29 |    32 |   148 |   146 |   372 |    69 ||   796
         Repelled          |       |       |       |       |       |     1 ||     1
